 Dungeon Crawl Stone Soup version 0.29.0 (webtiles) character file.

Game seed: 8272575301402481724

65 XZede the Digger (level 4, -2/24 HPs)
             Began as a Gargoyle Earth Elementalist on Sept 1, 2022.
             Slain by an orc
             ... wielding a +0 morningstar
              (10 damage)
             ... on level 2 of the Dungeon.
             The game lasted 00:11:09 (1489 turns).

XZede the Digger (Gargoyle Earth Elementalist)      Turns: 1489, Time: 00:11:10

Health: -2/24      AC:  6    Str: 11    XL:     4   Next: 13%
Magic:  2/8        EV: 11    Int: 18    God:
Gold:   36         SH:  0    Dex: 10    Spells: 7/8 levels left

rFire   + . .      SeeInvis .   f - +2 dagger (venom)
rCold   x . .      Faith    .   (no shield)
rNeg    + . .      Spirit   .   e - +0 leather armour
rPois   ∞          Reflect  .   (no helmet)
rElec   +          Harm     .   (no cloak)
rCorr   .          Rampage  .   (no gloves)
Will    .....                   (no boots)
Stlth   ++........              (no amulet)
HPRegen 0.08/turn               c - ring of fire
MPRegen 0.11/turn               (no ring)

@: no status effects
A: sickness immunity, AC +3, negative energy resistance 1, electricity
resistance, torment resistance 1, petrification resistance
a: no special abilities


You were on level 2 of the Dungeon.
You visited 1 branch of the dungeon, and saw 2 of its levels.

You collected 36 gold pieces.

Inventory:

Hand Weapons
 f - a +2 dagger of venom (weapon)
Armour
 e - a +0 leather armour (worn)
Jewellery
 c - a ring of fire (left hand)
Scrolls
 a - a scroll of acquirement {unknown}
 d - 2 scrolls of identify {unknown}
 h - a scroll of teleportation {unknown}
 i - a scroll of blinking {unknown}
Potions
 b - a potion of magic
 g - 2 potions of curing {unknown}


   Skills:
 - Level 1.5 Dodging
 - Level 2.3 Stealth
 + Level 2.6 Spellcasting
 + Level 1.5 Transmutations
 * Level 4.8 Earth Magic


You had 7 spell levels left.
You knew the following spells:

 Your Spells              Type           Power      Damage    Failure   Level
a - Sandblast             Erth           38%        2d10      3%          1

Your spell library contained the following spells:

 Spells                   Type           Power      Damage    Failure   Level
 Passwall                 Tmut/Erth      10%        N/A       9%          2
 Sting                    Tmut/Pois      20%        1d4       16%         1
 Foxfire                  Conj/Fire      12%        2x1d4     22%         1
 Stone Arrow              Conj/Erth      22%        3d8       24%         3
 Poisonous Vapours        Pois/Air       4%         N/A       32%         2
 Petrify                  Tmut/Erth      13%        N/A       52%         4
 Conjure Flame            Conj/Fire      3%         6-21      54%         3
 Inner Flame              Hex/Fire       3%         N/A       54%         3
 Flame Wave               Conj/Fire      3%         2d5       91%         4
 Olgreb's Toxic Radiance  Pois           2%         N/A       91%         4


Dungeon Overview and Level Annotations

Branches:
Dungeon (2/15)

Altars:

Shops:
D:1 *

Annotations:
D:2 Robin


Innate Abilities, Weirdness & Mutations

You are immune to sickness and miasma.
Your stone body is resilient. (AC +3)
You are immune to poison.
You resist negative energy. (rN+)
You are resistant to electric shocks. (rElec)
You are resistant to unholy torment.
You are immune to petrification.


Message History

The blast of sand hits the goblin!
You kill the goblin!
The orc priest shouts!
Robin shouts!
The hobgoblin shouts!
Robin roars a battlecry!
The goblins go into a battle-frenzy!
An orc wizard comes into view. It is wielding a +0 dagger.
Casting: Sandblast (safe; 4% risk of failure)
Confirm with . or Enter, or press ? or * to list all spells.
Aiming: Sandblast (safe; 4% risk of failure)
Press: ? - help, Shift-Dir - straight line, f - orc priest
Aim: an orc priest, wielding a +0 whip (82% to hit)
The blast of sand hits the orc priest!
The orc priest is almost dead.
A goblin comes into view. It is wielding a +0 dagger.
The orc priest looks braver for a moment.
A hobgoblin comes into view.
Robin says, "My goblins will feast on your bones."
The orc wizard moves out of view.
The goblin moves out of view.
Casting: Sandblast (safe; 4% risk of failure)
Confirm with . or Enter, or press ? or * to list all spells.
Aiming: Sandblast (safe; 4% risk of failure)
Press: ? - help, Shift-Dir - straight line, f/p - orc priest
Aim: an orc priest, wielding a +0 whip (almost dead, 82% to hit)
The blast of sand misses the orc.
The blast of sand hits the orc priest!
You kill the orc priest!
The hobgoblin shouts!
You have reached level 4!
You feel clever. The orc attacks as you move away!
The orc hits you but does no damage. The orc attacks as you move away!
The orc hits you with a +0 morningstar!
The hobgoblin no longer looks unusually strong.
The orc attacks as you move away! The orc closely misses you.
The orc wizard gestures wildly while chanting.
The orc wizard flickers and vanishes!
Deactivating autopickup; reactivate with Ctrl-A.
The orc attacks as you move away! The orc hits you with a +0 morningstar.
The goblin no longer looks unusually strong.
The orc hits you with a +0 morningstar. The orc attacks as you move away!
The orc hits you with a +0 morningstar!
You die...

#.# #.# #.# #.# #o# #.#
#.# #g###.### #.#
#.......# #.# #.g...###
#.###...### #.......#
###..og.###########
#.#.@......<....#
#.#......†###.###
#.####.##..###†# #†###
#.........>.###.###.#.##
#..#######...........#.#
#.........<#.##
######.#####.# #.# #.#
#######.# #.####.


You could see Robin, 2 orcs, a hobgoblin and a goblin.

Vanquished Creatures
  An orc priest (D:2)
  A dart slug (D:1)
  4 goblins
  4 hobgoblins
  11 jackals
  A quokka (D:1)
  2 ball pythons
  A bat (D:1)
  3 frilled lizards (D:1)
  A kobold (D:1)
  A rat (D:1)
30 creatures vanquished.

Notes
Turn   | Place    | Note
-------+----------+-------------------------------------------
     0 | D:1      | XZede the Gargoyle Earth Elementalist began the quest for
                  | the Orb.
     0 | D:1      | Reached XP level 1. HP: 10/10 MP: 3/3
   373 | D:1      | Reached XP level 2. HP: 15/15 MP: 3/5
   496 | D:1      | Reached skill level 1 in Transmutations
   653 | D:1      | Reached skill level 4 in Earth Magic
   806 | D:1      | Found Teihukat's Assorted Antiques.
  1297 | D:2      | Reached XP level 3. HP: 19/19 MP: 4/6
  1468 | D:2      | Noticed Robin
  1472 | D:2      | Reached XP level 4. HP: 24/24 MP: 0/8
  1489 | D:2      | Slain by an orc

Illustrated notes

Levels and vault maps discovered:
D:1:      dpeg_arrival_short_road, layout_basic, serial_shops, shop,
          wad_floor_pattern_untrapped, minmay_hedge_maze
D:2:      cheibrodos_pilgrimage, layout_loops_ring,
          hellmonk_ecumenical_altar_crossroads, kennysheep_generic_room_16,
          uniq_robin, uniq_natasha

Skill      XL: |  1  2 |
---------------+-------+-----
Transmutations | 1 |  1.5
Earth Magic    | 4 |  4.8
Dodging        | |  1.5
Stealth        | |  2.3
Spellcasting   | |  2.6

Action                   |  1- 3 |  4- 6 || total
-------------------------+-------+-------++-------
Melee: Dagger            |    12 |       ||    12
 Cast: Sandblast         |    38 |       ||    38
Armor: Leather armour    |     7 |     1 ||     8
Dodge: Dodged            |    14 |     1 ||    15
